 Dungeon Crawl Stone Soup version 0.22-a0-525-gf69a080 (webtiles) character file.

40 reaverb the Chopper (level 3, 0/31 HPs)
             Began as a Hill Orc Monk on June 21, 2018.
             Slain by Terence
             ... wielding a +4 hand axe of freezing
              (2 damage)
             ... on level 1 of the Dungeon.
             The game lasted 00:01:01 (1303 turns).

reaverb the Chopper (Hill Orc Monk)                 Turns: 1303, Time: 00:01:02

Health: 0/31       AC:  3    Str: 13    XL:     3   Next: 50%
Magic:  3/3        EV: 13    Int: 11    God:
Gold:   20         SH:  0    Dex: 13    Spells: 2/2 levels left

rFire    . . .     SeeInvis .   a - +0 hand axe
rCold    . . .     Gourm    .   (no shield)
rNeg     . . .     Faith    .   b - +0 robe
rPois    .         Spirit   .   (no helmet)
rElec    .         Reflect  .   i - +0 cloak
rCorr    .         Harm     .   (no gloves)
MR       .....                  (no boots)
Stlth    ++........             (no amulet)
HPRegen  0.10/turn              (no ring)
MPRegen  0.08/turn              (no ring)

@: no status effects
A: no striking features
a: no special abilities


You were on level 1 of the Dungeon.
You were very hungry.

You visited 1 branch of the dungeon, and saw 2 of its levels.

You collected 20 gold pieces.

Notes
Turn   | Place    | Note
-------+----------+-------------------------------------------
     0 | D:1      | reaverb the Hill Orc Monk began the quest for the Orb.
     0 | D:1      | Reached XP level 1. HP: 19/19 MP: 1/1
   198 | D:1      | Reached XP level 2. HP: 26/26 MP: 2/2
   288 | D:1      | Reached skill level 5 in Axes
   575 | D:1      | Reached XP level 3. HP: 31/31 MP: 3/3
  1271 | D:2      | Noticed Terence
  1281 | D:1      | Huge Dmg: 11 Dmg
  1285 | D:1      | HP: 3/31 [Terence/hand axe of freezing (8)]
  1286 | D:1      | Huge Dmg: 9 Dmg
  1299 | D:1      | Huge Dmg: 6 Dmg
  1300 | D:1      | HP: 2/31 [Terence/hand axe of freezing (3)]
  1301 | D:1      | Huge Dmg: 8 Dmg
  1303 | D:1      | Slain by Terence

Inventory:

Hand Weapons
 a - a +0 hand axe (weapon)
Armour
 b - a +0 robe (worn)
 i - a +0 cloak (worn)
Scrolls
 f - a scroll of enchant weapon {unknown}
 g - 2 scrolls of fear {unknown}
 j - a scroll of remove curse {unknown}
Potions
 e - 2 potions of cancellation
 h - a potion of degeneration {unknown}
Comestibles
 c - 2 rations

Table legend:
 A = Turns spent in this place as a percentage of turns spent in the entire game.
 B = Non-inter-level travel turns spent in this place as a percentage of non-inter-level travel turns spent in the entire game.
 C = Inter-level travel turns spent in this place as a percentage of turns spent in this place.
 D = Turns resting spent in this place as a percentage of non-inter-level travel turns spent in this place.
 E = Turns spent auto-exploring this place as a percentage of non-inter-level travel turns spent in this place.
 F = Non-inter-level travel turns spent in this place divided by the number of levels of this place that you've seen.
                   A       B       C       D       E      F
               +-------+-------+-------+-------+-------+----------------------
         Total | 100.0 | 100.0 |   7.5 |   0.0 |  62.7 | 602.5
       Dungeon | 100.0 | 100.0 |   7.5 |   0.0 |  62.7 | 602.5
               +-------+-------+-------+-------+-------+----------------------


   Skills:
 - Level 3.6 Fighting
 + Level 5.9 Axes
 - Level 2.4 Dodging
 - Level 1.5 Stealth


You had 2 spell levels left.
You didn't know any spells.
Your spell library was empty.

Dungeon Overview and Level Annotations

Branches:
Dungeon (2/15)

Altars:

Annotations:
D:1 Terence


Message History

You closely miss the rat.
The rat is heavily wounded.
You barely miss Terence. You hit the hobgoblin but do no damage.
Terence hits you with a hand axe of freezing!
Terence freezes you.
* * * LOW HITPOINT WARNING * * *
The rat bites you.
* * * LOW HITPOINT WARNING * * *
The hobgoblin closely misses you.
Huge Dmg: -36%(-11hp) hp: 42%(13hp)
You are too injured to fight recklessly!
You barely miss the hobgoblin. You hit the rat.
You hit Terence but do no damage. Terence misses you. The rat misses you.
The hobgoblin barely misses you.
You hit the hobgoblin.
You kill the hobgoblin!
You closely miss the rat. You hit Terence but do no damage. Terence misses you.
The rat bites you.
* * * LOW HITPOINT WARNING * * *
Damage: -3%(-1hp) hp: 39%(12hp) Terence says, "How do you enjoy it?"
The rat bites you.
* * * LOW HITPOINT WARNING * * *
You see here a rat corpse.
Damage: -3%(-1hp) hp: 36%(11hp)
You aren't carrying any items that you can evoke.
It was a potion of cancellation.
You feel magically purged.
Terence hits you with a hand axe of freezing!
* * * LOW HITPOINT WARNING * * *
Terence freezes you.
* * * LOW HITPOINT WARNING * * *
Huge Dmg: -29%(-9hp) hp: 7%(2hp) It was a potion of heal wounds.
You feel much better.
Terence hits you with a hand axe of freezing.
Terence freezes you.
You hit Terence.
Terence is lightly wounded.
Terence closely misses you.
You hit Terence but do no damage.
Terence is lightly wounded.
Terence hits you but does no damage.
You hit Terence but do no damage.
Terence is lightly wounded.
Terence barely misses you.
You slash Terence!
Terence is heavily wounded.
You barely miss Terence.
Terence is heavily wounded.
Terence closely misses you.
You closely miss Terence.
Terence is heavily wounded.
Terence hits you with a hand axe of freezing.
Terence freezes you.
Damage: -10%(-3hp) hp: 65%(20hp)
You hit Terence.
Terence is heavily wounded.
Terence hits you with a hand axe of freezing.
Terence freezes you.
Damage: -10%(-3hp) hp: 55%(17hp)
You hit Terence but do no damage.
Terence is heavily wounded.
Terence closely misses you.
You barely miss Terence.
Terence is heavily wounded.
Terence closely misses you.
You hit Terence.
Terence is severely wounded.
The rat twitches its whiskers.
Terence barely misses you.
You hit Terence but do no damage.
Terence is severely wounded.
Terence hits you with a hand axe of freezing.
Terence freezes you.
Damage: -7%(-2hp) hp: 52%(16hp)
You hit Terence.
Terence is severely wounded.
Terence hits you with a hand axe of freezing.
* * * LOW HITPOINT WARNING * * *
Terence freezes you.
* * * LOW HITPOINT WARNING * * *
Huge Dmg: -19%(-6hp) hp: 33%(10hp)
You hit Terence but do no damage.
Terence is severely wounded.
Terence misses you.
You hit Terence.
Terence is almost dead.
Terence hits you with a hand axe of freezing.
* * * LOW HITPOINT WARNING * * *
Terence freezes you.
* * * LOW HITPOINT WARNING * * *
Huge Dmg: -26%(-8hp) hp: 7%(2hp)
You hit Terence but do no damage.
Terence is almost dead.
You hit Terence but do no damage.
Terence is almost dead.
Terence barely misses you.
You hit Terence but do no damage.
Terence is almost dead.
Terence hits you with a hand axe of freezing.
You die...

P♣.# #...#.)......####.##.## P♣.#
######...#.#####.......##...
.♣.###.................#######...
.♣.................##..# #...(.
P♣...#)............##..#####.#...
P♣.#.######...#.##...........#...
.♣.#.# #...#r...........######
.♣[#.# #...#@#####..###......#
♣....# #...#.@......# #.####.#
.(.### #...########.###.####.#
..## ##.## ##.....##.... ###
###.# #.......#.#.#
#...########.##.#......# #######
#.###.....##.##......###
#.....###.###.###)##.#####.###
#.###.........###.##.#####.# #.#
#####.#####..........÷÷#


You could see Terence and a rat.

Table legend:
 A = Kills in this place as a percentage of kills in entire the game.
 B = Kills by you in this place as a percentage of kills by you in the entire game.
 C = Kills by friends in this place as a percentage of kills by friends in the entire game.
 D = Other kills in this place as a percentage of other kills in the entire game.
 E = Experience gained in this place as a percentage of experience gained in the entire game.
 F = Experience gained in this place divided by the number of levels of this place that you have seen.
                   A       B       C       D       E      F
               +-------+-------+-------+-------+-------+----------------------
         Total | 100.0 | 100.0 |   N/A |   N/A | 100.0 |  29.0
       Dungeon | 100.0 | 100.0 |   N/A |   N/A | 100.0 |  29.0
               +-------+-------+-------+-------+-------+----------------------

Vanquished Creatures
  2 dart slugs (D:1)
  2 giant cockroaches (D:1)
  A goblin (D:1)
  6 hobgoblins
  7 jackals (D:1)
  4 kobolds (D:1)
  2 bats (D:1)
  3 frilled lizards (D:1)
  5 rats (D:1)
32 creatures vanquished.

Action                   || total
-------------------------++-------
Melee: Hand axe          ||   128
  Use: Potion            ||     2
Armor: Robe              ||    29
Dodge: Dodged            ||    74
